 Dungeon Crawl Stone Soup version 0.32-a0-119-g2e8054a333 (webtiles) character file.

Game seed: 6025911688284289166

134 Newt the Shooter (level 5, -2/33 HPs)
             Began as a Kobold Hunter on Feb 6, 2024.
             Killed from afar by Ijyb (7 damage)
             ... with a puff of flame
             ... on level 3 of the Dungeon.
             The game lasted 00:01:56 (2231 turns).

Newt the Shooter (Kobold Hunter)                    Turns: 2231, Time: 00:01:56

Health: -2/33      AC:  3    Str:  8    XL:     5   Next: 40%
Magic:  5/5        EV: 14    Int: 10    God:
Gold:   157        SH:  0    Dex: 21    Spells: 4/4 levels left

rFire   . . .        a - +0 shortbow
rCold   . . .        (shield currently unavailable)
rNeg    . . .        c - +0 leather armour
rPois   .            (no helmet)
rElec   .            (no cloak)
rCorr   .            (no gloves)
SInv    .            (no boots)
Will    .....        (no amulet)
Stlth   +++          (no ring)
HPRegen 0.25/turn    (no ring)
MPRegen 0.09/turn

%: no passive effects
@: no status effects
A: small, no large weapons, nightstalker 3
a: no special abilities


You were on level 3 of the Dungeon.
You visited 1 branch of the dungeon, and saw 3 of its levels.

You collected 157 gold pieces.

Inventory:

Hand Weapons
 a - a +0 shortbow (weapon)
Armour
 c - a +0 leather armour (worn)
Scrolls
 b - a scroll of butterflies
 e - a scroll of teleportation
 g - a scroll of fog
 h - a scroll of fear
Potions
 d - a potion of attraction
 i - a potion of haste {unknown}
 j - 4 potions of curing


   Skills:
 + Level 3.7 Fighting
 * Level 7.5 Ranged Weapons
 - Level 2.4 Dodging
 - Level 1.3 Stealth


You had 4 spell levels left.
You didn't know any spells.
Your spell library was empty.

Dungeon Overview and Level Annotations

Branches:
Dungeon (3/15)

Altars:
Vehumet

Shops:
D:1 :   D:3 (

Annotations:
D:3 Ijyb


Innate Abilities, Weirdness & Mutations

You are small and have problems with some larger weapons.
You are completely attuned to the shadows.


Message History

You kill the adder!
You feel sick.
You are no longer poisoned.
No target in view!
No target in view!
You now have 157 gold pieces (gained 10).
Ijyb the Twisted Goblin comes into view.
She is wielding a +0 club and carrying a wand of flame.
Ijyb is nearby!
Ijyb is nearby!
You shoot an arrow. The arrow hits Ijyb.
Ijyb shouts!
Ijyb is lightly wounded.
Ijyb zaps a wand.
The puff of flame hits you.
You shoot an arrow. The arrow hits Ijyb but does no damage.
Ijyb is lightly wounded.
You shoot an arrow. The arrow barely misses Ijyb.
You shoot an arrow. The arrow closely misses Ijyb.
Ijyb barely misses you.
You shoot an arrow. The arrow closely misses Ijyb.
Ijyb closely misses you.
A kobold comes into view. It is wielding a +0 club.
You shoot an arrow. The arrow closely misses Ijyb.
The kobold shouts!
Ijyb closely misses you.
You shoot an arrow. The arrow closely misses Ijyb.
The arrow hits the kobold.
The kobold is moderately wounded.
Ijyb closely misses you.
You shoot an arrow. The arrow hits Ijyb but does no damage.
Ijyb is lightly wounded.
Ijyb zaps a wand.
The puff of flame hits you!
You shoot an arrow. The arrow misses Ijyb.
Ijyb barely misses you. The kobold hits you with a +0 club.
You are too injured to fight recklessly!
Unknown command.
The kobold throws a stone.
The stone barely misses you.
The kobold throws a stone.
The stone closely misses you.
The kobold throws a stone.
The stone barely misses you. Ijyb attacks as she pursues you!
Ijyb hits you with a +0 club.
Ijyb zaps a wand.
The puff of flame hits you!
* * * LOW HITPOINT WARNING * * *
Ijyb zaps a wand.
The puff of flame hits you!
You die...

#........+ #+##+##'##+...####..ß.
.........# ....#.....#..... ..ß..
.†.......# ....#.....#..... #ß..∩
.........###+##'##+###..... ..ß..
........................... #..ß.
..........###..........^..#.....ß
........................#........
................#####.....#....##
...............g@..##.....#....>.
..............K###.##.....#......
...........................#+#.#.
...........................#.#.#.
...........................#.#.#.
.............................#.#.
..........................####...
...................#
...................#####


You could see Ijyb and a kobold.

Vanquished Creatures
  Jessica (D:3)
  Natasha (D:3)
  4 adders
  A ribbon worm (D:2)
  5 bats
  6 endoplasms
  2 giant cockroaches
  3 goblins
  6 hobgoblins
  2 kobolds (D:1)
  3 quokkas
  5 ball pythons
  5 frilled lizards
  3 rats
47 creatures vanquished.

Notes
Turn   | Place    | Note
-------+----------+-------------------------------------------
     0 | D:1      | Newt the Kobold Hunter began the quest for the Orb.
     0 | D:1      | Reached XP level 1. HP: 12/12 MP: 1/1
   167 | D:1      | Reached XP level 2. HP: 18/18 MP: 2/2
   300 | D:1      | Found Vytuo's Book Boutique.
   433 | D:1      | Reached skill level 6 in Ranged Weapons
   790 | D:1      | Reached XP level 3. HP: 22/22 MP: 3/3
  1278 | D:2      | Found a faded altar of an unknown god.
  1601 | D:2      | Reached XP level 4. HP: 25/28 MP: 4/4
  2011 | D:3      | Noticed Jessica
  2016 | D:3      | Killed Jessica
  2017 | D:3      | Reached skill level 7 in Ranged Weapons
  2044 | D:3      | Found Rera's Weapon Shop.
  2092 | D:3      | Reached XP level 5. HP: 32/32 MP: 5/5
  2144 | D:3      | Found a radiant altar of Vehumet.
  2175 | D:3      | Noticed Natasha
  2179 | D:3      | Killed Natasha
  2215 | D:3      | Noticed Ijyb
  2231 | D:3      | Killed from afar by Ijyb

Illustrated notes

Levels and vault maps discovered:
D:1:      co_arrival_hall_of_pillars, layout_loops_corners, serial_shops, shop
D:2:      layout_basic, shapermc_ecumenical_altar_hornbeckon,
          corexii_hall_statues_i
D:3:      layout_basic, mainiacjoe_overflow_24_doors, serial_shops,
          nicolae_diamond_shop, uniq_natasha, uniq_jessica, uniq_terence,
          uniq_ijyb

Skill      XL: |  1  2  3  4 |
---------------+-------------+-----
Ranged Weapons | 6 7 |  7.5
Fighting       | 3 |  3.7
Dodging        | |  2.4
Stealth        | |  1.3

Action                     |  1- 3 |  4- 6 || total
---------------------------+-------+-------++-------
   Fire: Shortbow          |    92 |    54 ||   146
    Use: Scroll            |     4 |       ||     4
         Potion            |       |     1 ||     1
 Armour: Leather armour    |    12 |    17 ||    29
  Dodge: Dodged            |    28 |    30 ||    58

Table legend: (Time is in decaauts)
 A = Elapsed time spent in this place.
 B = Non-inter-level travel time spent in this place.
 C = Inter-level travel time spent in this place.
 D = Time resting spent in this place.
 E = Time spent auto-exploring this place.
 F = Levels seen in this place.
 G = Mean time per level.
                   A        B        C        D        E       F      G
               +--------+--------+--------+--------+--------+-----+--------+
         Total |   2259 |   2230 |     29 |    203 |   1761 |   3 |  753.0 |
       Dungeon |   2259 |   2230 |     29 |    203 |   1761 |   3 |  753.0 |
               +--------+--------+--------+--------+--------+-----+--------+

Top non-repeatable levels by time:
     D:1: 1045 daAuts
     D:2: 879 daAuts
     D:3: 334 daAuts
